 Dungeon Crawl Stone Soup version 0.30-a0-782-ge64f9170bb (webtiles) character file.

Game seed: 7470020431237011027

121 senseless the Cudgeller (level 4, -1/40 HPs)
             Began as an Armataur Berserker on Mar 4, 2023.
             Was a Believer of Trog.
             Killed by divine providence
             ... invoked by an orc priest
              (11 damage)
             ... on level 4 of the Dungeon.
             The game lasted 00:08:59 (2726 turns).

senseless the Cudgeller (Armataur Berserker)        Turns: 2726, Time: 00:09:00

Health: -1/40      AC:  5    Str: 24    XL:     4   Next: 76%
Magic:  0/4        EV:  9    Int:  8    God:    Trog [**....]
Gold:   133        SH:  2    Dex:  9    Spells: 3/3 levels left

rFire   + . .      SeeInvis .    a - +1 mace
rCold   x . .      Faith    .    p - +0 buckler
rNeg    . . .      Spirit   +    w - +0 leather armour
rPois   .          Reflect  .    (no helmet)
rElec   .          Harm     .    (no cloak)
rCorr   .          Roll     +    o - +0 pair of gloves
Will    .....                    (no barding)
Stlth   +                        f - amulet of guardian spirit
HPRegen 0.26/turn                z - ring of fire
MPRegen 0.09/turn                (no ring)

@: no status effects
A: large, rugged brown scales 3, deformed body, armoured tail, roll, long
tongue, awkward tongue
a: Renounce Religion, Berserk, Trog's Hand


You were on level 4 of the Dungeon.
You worshipped Trog.
Trog was pleased with you.
You visited 1 branch of the dungeon, and saw 4 of its levels.

You collected 237 gold pieces.
You spent 104 gold pieces at shops.

Inventory:

Hand Weapons
 a - a +1 mace (weapon)
Armour
 o - a +0 pair of gloves (worn)
 p - a +0 buckler (worn)
 w - a +0 leather armour (worn)
Jewellery
 f - an amulet of guardian spirit (around neck)
 z - a ring of fire (left hand)
Scrolls
 h - 2 scrolls of teleportation
Potions
 c - 2 potions of attraction
 l - a potion of cancellation
 m - 2 potions of brilliance
 q - a potion of haste
 s - a potion of curing {unknown}
 t - a potion of flight
 u - a potion of magic {unknown}
 v - a potion of invisibility {unknown}


   Skills:
 + Level 3.5 Fighting
 + Level 3.7 Maces & Flails
 + Level 2.6 Armour
 + Level 2.1 Dodging
 + Level 1.2 Stealth


You had 3 spell levels left.
You didn't know any spells.
Your spell library contained the following spells:

 Spells                   Type           Power      Damage    Failure   Level
 Cigotuvi's Dreadful Rot  Necr/Pois/Air  0%         N/A       67%         2
 Poisonous Vapours        Pois/Air       0%         N/A       67%         2
 Mephitic Cloud           Conj/Pois/Air  0%         N/A       88%         3
 Conjure Ball Lightning   Conj/Air       0%         3x3d6     100%        6
 Discord                  Hex            0%         N/A       100%        8
 Disjunction              Tloc           0%         N/A       100%        8


Dungeon Overview and Level Annotations

Branches:
Dungeon (4/15)
 Temple: D:4-7

Altars:
Kikubaaqudgha
Yredelemnul

Shops:
D:3 !


Innate Abilities, Weirdness & Mutations

You are completely covered in rugged brown scales. (AC +3, +7% HP)
Armour fits poorly on your strangely shaped body.
You have a long armoured tail.
You roll when moving toward enemies. (Rampage)
Your long tongue fully drains potion bottles. (2x potion effects)
Your tongue gives you trouble enunciating. (1.5x scroll delay)


Message History

No target in view!
No target in view!
Found an escape hatch in the floor.
A hobgoblin comes into view.
You roll towards the hobgoblin!
The hobgoblin shouts!
You hear a shout!
You hit the hobgoblin. You tail-slap the hobgoblin.
You kill the hobgoblin!
Trog accepts your kill.
No target in view!
No target in view!
An orc priest and an orc come into view.
The orc shouts!
The orc priest shouts!
You hear a shout!
You roll towards the orc priest!
An orc comes into view. It is wielding a +0 morningstar.
An orc comes into view. It is wielding a +0 dagger.
The orc shouts! x2
The orc priest calls down the wrath of Beogh upon you.
Pain shoots through your body!
You sock the orc!
You kill the orc!
Trog accepts your kill.
The orc priest mumbles some strange prayers to Beogh against you.
Pain shoots through your body!
You roll towards the orc priest!
You hit the orc priest.
The orc priest is heavily wounded.
The orc priest invokes the aid of Beogh against you.
Beogh smites you!
You are too injured to fight recklessly!
You are too injured to fight recklessly!
You barely miss the orc priest.
Your tail-slap misses the orc priest.
The orc priest is heavily wounded.
The orc hits you with a +0 morningstar!
* * * LOW HITPOINT WARNING * * *
The orc priest hits you but does no damage.
You block the orc's attack.
The orc priest invokes the aid of Beogh against you.
Beogh smites you!
You die...

........
.......
......
....# .#
....
#.#+#+#.o#
.#.#.#.#o#
.#.#.#.#o@#
#.#.#.#.#.#
..P#.#.#).#
~.#.#.#.#
~~ P.#.#..#
~P~~#.#.#.#
♣~~...#..#
P~P.#.#.#
♣~P#.#..#


You could see an orc priest and 2 orcs.

Vanquished Creatures
  An orc priest (D:3)
  A worm (D:3)
  6 orcs
  4 ball pythons
  2 bats (D:1)
  6 endoplasms
  2 giant cockroaches (D:2)
  10 goblins
  6 hobgoblins
  9 jackals
  3 quokkas
  3 frilled lizards
  10 kobolds
  10 rats
73 creatures vanquished.

Notes
Turn   | Place    | Note
-------+----------+-------------------------------------------
     0 | D:1      | senseless the Armataur Berserker began the quest for the
                  | Orb.
     0 | D:1      | Reached XP level 1. HP: 19/19 MP: 1/1
    86 | D:1      | Reached XP level 2. HP: 22/26 MP: 2/2
   385 | D:1      | Reached ** piety under Trog
   524 | D:1      | Reached XP level 3. HP: 28/33 MP: 1/3
   892 | D:2      | Found an ancient bone altar of Kikubaaqudgha.
  1578 | D:3      | Found a faded altar of an unknown god.
  1595 | D:3      | Reached skill level 1 in Stealth
  1595 | D:3      | Reached XP level 4. HP: 40/40 MP: 4/4
  1777 | D:3      | Found Jaoceat's Distillery.
  1782 | D:3      | Bought a potion of attraction for 39 gold pieces
  1782 | D:3      | Bought a potion of brilliance for 52 gold pieces
  1782 | D:3      | Bought a potion of degeneration for 13 gold pieces
  1975 | D:3      | Reached *** piety under Trog
  2269 | D:3      | Found a basalt altar of Yredelemnul.
  2726 | D:4      | Killed from afar by an orc priest

Illustrated notes

Levels and vault maps discovered:
D:1:      grunt_arrival_crossed_arrows, layout_loops_cross
D:2:      layout_basic, basic_altar, minmay_crystal_room, minivault_27
D:3:      layout_basic, mainiacjoe_overflow_alcove_2, serial_shops,
          nicolae_shop_trees, ebering_ecumenical_altar_hall
D:4:      minmay_recursive_quarters, layout_basic, serial_bayou,
          serial_bayou_pond_e, serial_bayou_pond_c, serial_bayou_pond_a,
          serial_bayou_pond_c, serial_bayou_ford_a

Skill      XL: |  1  2  3 |
---------------+----------+-----
Fighting       | 3 |  3.5
Maces & Flails | 3 |  3.7
Dodging        | 2 |  2.1
Stealth        | 1 |  1.2
Armour         | |  2.6

Action                     |  1- 3 |  4- 6 || total
---------------------------+-------+-------++-------
  Melee: Mace              |   134 |    66 ||   200
         Tailslap          |    15 |     6 ||    21
         Punch             |     1 |       ||     1
 Invoke: Berserk           |     1 |       ||     1
    Use: Scroll            |       |    11 ||    11
 Armour: Animal skin       |    53 |       ||    53
         Leather armour    |       |    36 ||    36
  Dodge: Dodged            |    70 |    40 ||   110
  Block: Buckler           |     2 |     6 ||     8

Table legend: (Time is in decaauts)
 A = Elapsed time spent in this place.
 B = Non-inter-level travel time spent in this place.
 C = Inter-level travel time spent in this place.
 D = Time resting spent in this place.
 E = Time spent auto-exploring this place.
 F = Levels seen in this place.
 G = Mean time per level.
                   A        B        C        D        E       F      G
               +--------+--------+--------+--------+--------+-----+--------+
         Total |   2790 |   2544 |    246 |     33 |   1958 |   4 |  697.5 |
       Dungeon |   2790 |   2544 |    246 |     33 |   1958 |   4 |  697.5 |
               +--------+--------+--------+--------+--------+-----+--------+

Top non-repeatable levels by time:
     D:3: 1028 daAuts
     D:2: 837 daAuts
     D:1: 767 daAuts
     D:4: 157 daAuts
